SAA
IRVING BLUE SOX @ MARQUETTE MINERS
09/01/2027
 
TOP OF THE 1ST
Irving Blue Sox batting - Pitching for Marquette Miners : RHP Benjamin Busto
Pitching: RHP Benjamin Busto
Batting: RHB Eisse Cals 0-0: Called Strike
0-1: Ball
1-1: Swinging Strike
1-2: Strikes out swinging
Batting: LHB José Zarate 0-0: Swinging Strike
0-1: Ball
1-1: Ball
2-1: Swinging Strike
2-2: Ground out 5-3 (Groundball, 56)
Batting: RHB António Canales 0-0: Ball
1-0: SINGLE (Groundball, 6D)
Batting: RHB Jim Unknown 0-0: Ball
1-0: Called Strike
1-1: Ball
2-1: Ball
3-1: Ground out 1-3 (Groundball, P)
Top of the 1st over - 0 run(s), 1 hit(s), 0 error(s), 1 left on base; Irving 0 - Marquette 0
BOTTOM OF THE 1ST
Marquette Miners batting - Pitching for Irving Blue Sox : LHP Gilberto Ramírez
Pitching: LHP Gilberto Ramírez
Batting: LHB Tural Bishara 0-0: Swinging Strike
0-1: Fly out, F8 (Flyball, 89D)
Batting: RHB Mark Keys 0-0: Ball
1-0: Ball
2-0: DOUBLE (Flyball, 7LM)
Batting: RHB Steve Koch 0-0: Fly out, F8 (Flyball, 8LS)
Batting: RHB Peter Heard 0-0: Foul Ball, location: 2F
0-1: Ground out 6-3 (Groundball, 6)
Bottom of the 1st over - 0 run(s), 1 hit(s), 0 error(s), 1 left on base; Irving 0 - Marquette 0
TOP OF THE 2ND
Irving Blue Sox batting - Pitching for Marquette Miners : RHP Benjamin Busto
Batting: LHB Ricardo Ríos 0-0: Ball
1-0: Ball
2-0: Ball
3-0: Called Strike
3-1: Called Strike
3-2: Foul Ball, location: 2F
3-2: Strikes out swinging
Batting: RHB Wessel Wemerman 0-0: Ball
1-0: Ball
2-0: Foul Ball, location: 2F
2-1: Ball
3-1: Fly out, F9 (Flyball, 89M)
Batting: RHB Theron Hammond 0-0: Called Strike
0-1: Ball
1-1: Ball
2-1: Fly out, F7 (Flyball, 7)
Top of the 2nd over - 0 run(s), 0 hit(s), 0 error(s), 0 left on base; Irving 0 - Marquette 0
BOTTOM OF THE 2ND
Marquette Miners batting - Pitching for Irving Blue Sox : LHP Gilberto Ramírez
Batting: RHB José Barroca 0-0: Ball
1-0: Called Strike
1-1: Foul Ball, location: 2F
1-2: Ball
2-2: Fly out, F3 (Popup, 3L)
Batting: RHB Norman Winston 0-0: Ball
1-0: Called Strike
1-1: Swinging Strike
1-2: Strikes out swinging
Batting: RHB Héctor Rivera 0-0: Ball
1-0: Ball
2-0: Ball
3-0: Called Strike
3-1: Fly out, F8 (Flyball, 8LD)
Bottom of the 2nd over - 0 run(s), 0 hit(s), 0 error(s), 0 left on base; Irving 0 - Marquette 0
TOP OF THE 3RD
Irving Blue Sox batting - Pitching for Marquette Miners : RHP Benjamin Busto
Batting: RHB Phil Sherman 0-0: Ball
1-0: Ball
2-0: Foul Ball, location: 2F
2-1: Foul Ball, location: 2F
2-2: Foul Ball, location: 2F
2-2: Strikes out swinging
Batting: RHB Carlos Ramírez 0-0: Ball
1-0: Ball
2-0: Ball
3-0: Called Strike
3-1: Foul Ball, location: 2F
3-2: Base on Balls
Batting: RHB Eisse Cals 0-0: Ball
1-0: Swinging Strike
1-1: Called Strike
1-2: Ball
2-2: Strikes out looking
Batting: LHB José Zarate 0-0: Ball
1-0: Ball
2-0: Ball
Carlos Ramírez steals 2nd base
3-0: Base on Balls
Batting: RHB António Canales 0-0: Ball
1-0: Ground out 1-3 (Groundball, P)
Top of the 3rd over - 0 run(s), 0 hit(s), 0 error(s), 2 left on base; Irving 0 - Marquette 0
BOTTOM OF THE 3RD
Marquette Miners batting - Pitching for Irving Blue Sox : LHP Gilberto Ramírez
Batting: LHB Shelby Noonan 0-0: Called Strike
0-1: DOUBLE (Line Drive, 9LS)
Batting: RHB Rocky Cantrell 0-0: Called Strike
0-1: Ball
1-1: Called Strike
1-2: Foul Ball, location: 2F
1-2: Strikes out swinging
Batting: LHB Tural Bishara 0-0: Foul Ball, location: 2F
0-1: SINGLE (Flyball, 78S)
Shelby Noonan to third
Runner from 3rd tries for Home, throw and OUT!
Tural Bishara to second
Batting: RHB Mark Keys 0-0: Ball
1-0: Foul Ball, location: 2F
1-1: Ball
2-1: SINGLE (Groundball, 6MD)
Tural Bishara to third
Runner from 3rd tries for Home, SAFE, no throw
Batting: RHB Steve Koch 0-0: Called Strike
0-1: Ball
1-1: Ball
2-1: Fly out, F8 (Flyball, 8LS)
Bottom of the 3rd over - 1 run(s), 3 hit(s), 0 error(s), 1 left on base; Irving 0 - Marquette 1
TOP OF THE 4TH
Irving Blue Sox batting - Pitching for Marquette Miners : RHP Benjamin Busto
Batting: RHB Jim Unknown 0-0: Called Strike
0-1: Called Strike
0-2: Ball
1-2: Ball
2-2: Ball
3-2: Base on Balls
Batting: LHB Ricardo Ríos 0-0: Ball
1-0: Ball
2-0: Foul Ball, location: 2F
2-1: Swinging Strike
2-2: Strikes out looking
Jim Unknown steals 2nd base
Batter strikes out.
Batting: RHB Wessel Wemerman 0-0: Ball
1-0: Ball
2-0: SINGLE (Line Drive, 34)
Jim Unknown to third
Runner from 3rd tries for Home, SAFE, no throw
Batting: RHB Theron Hammond 0-0: Called Strike
0-1: Fly out, F5 (Line Drive, 5)
Batting: RHB Phil Sherman 0-0: Ball
1-0: Called Strike
1-1: Ball
2-1: Ball
3-1: Foul Ball, location: 2F
3-2: Base on Balls
Wessel Wemerman to second
Batting: RHB Carlos Ramírez 0-0: Foul Ball, location: 2F
0-1: Ball
1-1: Ball
2-1: Fly out, F8 (Flyball, 8RM)
Top of the 4th over - 1 run(s), 1 hit(s), 0 error(s), 2 left on base; Irving 1 - Marquette 1
BOTTOM OF THE 4TH
Marquette Miners batting - Pitching for Irving Blue Sox : LHP Gilberto Ramírez
Batting: RHB Peter Heard 0-0: Ball
1-0: Ground out 6-3 (Groundball, 6)
Batting: RHB José Barroca 0-0: Called Strike
0-1: Fly out, F7 (Line Drive, 7)
Batting: RHB Norman Winston 0-0: Foul Ball, location: 2F
0-1: Ball
1-1: Foul Ball, location: 2F
1-2: Foul Ball, location: 2F
1-2: Ball
2-2: Fly out, F8 (Flyball, 8RM)
Bottom of the 4th over - 0 run(s), 0 hit(s), 0 error(s), 0 left on base; Irving 1 - Marquette 1
TOP OF THE 5TH
Irving Blue Sox batting - Pitching for Marquette Miners : RHP Benjamin Busto
Batting: RHB Eisse Cals 0-0: Called Strike
0-1: Ball
1-1: Foul Ball, location: 2F
1-2: Ball
2-2: Ball
3-2: Ground out 3-1 (Groundball, 34)
Batting: LHB José Zarate 0-0: Fly out, F7 (Flyball, 7S)
Batting: RHB António Canales 0-0: Ground out 6-3 (Groundball, 6)
Top of the 5th over - 0 run(s), 0 hit(s), 0 error(s), 0 left on base; Irving 1 - Marquette 1
BOTTOM OF THE 5TH
Marquette Miners batting - Pitching for Irving Blue Sox : LHP Gilberto Ramírez
Batting: RHB Héctor Rivera 0-0: Ball
1-0: Ground out 6-3 (Groundball, 6)
Batting: LHB Shelby Noonan 0-0: Ball
1-0: Foul Ball, location: 2F
1-1: Ball
2-1: Ball
3-1: Base on Balls
Batting: RHB Rocky Cantrell 0-0: Foul Ball, location: 2F
0-1: Foul Ball, location: 2F
0-2: Ball
1-2: Ball
2-2: Foul Ball, location: 2F
2-2: Ball
3-2: Strikes out swinging
Pitching: LHP John Hamilton
Batting: LHB Tural Bishara Pickoff Throw to First - Out!
Bottom of the 5th over - 0 run(s), 0 hit(s), 0 error(s), 0 left on base; Irving 1 - Marquette 1
TOP OF THE 6TH
Irving Blue Sox batting - Pitching for Marquette Miners : RHP Benjamin Busto
Batting: RHB Jim Unknown 0-0: Ground out 5-3 (Groundball, 56)
Batting: LHB Ricardo Ríos 0-0: Called Strike
0-1: Ball
1-1: SINGLE (Groundball, 34D)
Batting: RHB Wessel Wemerman 0-0: Ball
1-0: Ball
2-0: Foul Ball, location: 2F
2-1: Foul Ball, location: 2F
2-2: DOUBLE (Line Drive, 78S)
Ricardo Ríos to third
Runner from 3rd tries for Home, SAFE, no throw
Batting: RHB Theron Hammond 0-0: Ball
1-0: Called Strike
1-1: Foul Ball, location: 2F
1-2: Ball
2-2: Fly out, F4 (Line Drive, 4M)
Batting: RHB Phil Sherman 0-0: Called Strike
0-1: Ball
1-1: Called Strike
1-2: Strikes out swinging
Top of the 6th over - 1 run(s), 2 hit(s), 0 error(s), 1 left on base; Irving 2 - Marquette 1
BOTTOM OF THE 6TH
Marquette Miners batting - Pitching for Irving Blue Sox : LHP John Hamilton
Batting: LHB Tural Bishara 0-0: Ball
1-0: Swinging Strike
1-1: Foul Ball, location: 2F
1-2: Strikes out swinging
Batting: RHB Mark Keys 0-0: Ball
1-0: Swinging Strike
1-1: Swinging Strike
1-2: Strikes out swinging
Batting: RHB Steve Koch 0-0: Ball
1-0: Called Strike
1-1: Ball
2-1: Ball
3-1: Base on Balls
Batting: RHB Peter Heard 0-0: Ball
1-0: Ball
2-0: Called Strike
2-1: Ball
3-1: Base on Balls
Steve Koch to second
Batting: RHB José Barroca 0-0: Called Strike
0-1: Ball
1-1: Ball
2-1: Swinging Strike
2-2: Ball
3-2: Foul Ball, location: 2F
3-2: Foul Ball, location: 2F
3-2: Fly out, F7 (Line Drive, 7)
Bottom of the 6th over - 0 run(s), 0 hit(s), 0 error(s), 2 left on base; Irving 2 - Marquette 1
TOP OF THE 7TH
Irving Blue Sox batting - Pitching for Marquette Miners : RHP Benjamin Busto
Batting: RHB Carlos Ramírez 0-0: Called Strike
0-1: Ball
1-1: Swinging Strike
1-2: SINGLE (Groundball, 4MD)
Batting: RHB Eisse Cals 0-0: Fly out, F8 (Flyball, 8LD)
Batting: LHB José Zarate 0-0: Called Strike
0-1: Called Strike
0-2: Ball
1-2: Ball
Carlos Ramírez steals 2nd base
2-2: DOUBLE (Line Drive, 9D)
Carlos Ramírez scores
Pitching: RHP Cisco Ortega
Batting: RHB António Canales 0-0: Ball
1-0: Ball
2-0: Ball
3-0: Base on Balls
Pinch Hitting: LHB Phil MacNamara 0-0: Ball
1-0: Swinging Strike
1-1: Ball
2-1: Fly out, F7 (Flyball, 7LSF)
Lined into DP, 7-4 (Flyball, 7LSF)
Top of the 7th over - 1 run(s), 2 hit(s), 0 error(s), 1 left on base; Irving 3 - Marquette 1
BOTTOM OF THE 7TH
Marquette Miners batting - Pitching for Irving Blue Sox : LHP John Hamilton
Now in RF: Phil MacNamara
Batting: RHB Norman Winston 0-0: Ball
1-0: Called Strike
1-1: Ball
2-1: Foul Ball, location: 2F
2-2: Fly out, F9 (Flyball, 9S)
Pitching: LHP Walt Rice
Batting: RHB Héctor Rivera 0-0: Foul Ball, location: 2F
0-1: Swinging Strike
0-2: Foul Ball, location: 2F
0-2: Ball
1-2: Strikes out swinging
Batting: LHB Shelby Noonan 0-0: Ball
1-0: Ball
2-0: Ball
3-0: Called Strike
3-1: Base on Balls
Batting: RHB Rocky Cantrell 0-0: Called Strike
0-1: Ball
1-1: Fly out, F9 (Flyball, 9LM)
Bottom of the 7th over - 0 run(s), 0 hit(s), 0 error(s), 1 left on base; Irving 3 - Marquette 1
TOP OF THE 8TH
Irving Blue Sox batting - Pitching for Marquette Miners : RHP Cisco Ortega
Batting: LHB Ricardo Ríos 0-0: Called Strike
0-1: Ball
1-1: Ball
2-1: Fly out, F7 (Flyball, 7LS)
Batting: RHB Wessel Wemerman 0-0: Foul Ball, location: 2F
0-1: Ball
1-1: Called Strike
1-2: Reached on error, E5 (Groundball, 56)
Batting: RHB Theron Hammond 0-0: Ball
Wessel Wemerman is caught stealing 2nd base
1-0: Ball
2-0: Called Strike
2-1: Foul Ball, location: 2F
2-2: Foul Ball, location: 2F
2-2: Fly out, F8 (Flyball, 8LM)
Top of the 8th over - 0 run(s), 0 hit(s), 1 error(s), 0 left on base; Irving 3 - Marquette 1
BOTTOM OF THE 8TH
Marquette Miners batting - Pitching for Irving Blue Sox : LHP Walt Rice
Batting: LHB Tural Bishara 0-0: Called Strike
0-1: Ball
1-1: Swinging Strike
1-2: Ball
2-2: SINGLE (Groundball, 15S) (infield hit)
Pitching: RHP Willie Simmons
Batting: RHB Mark Keys 0-0: Called Strike
0-1: Ball
1-1: Ball
2-1: Foul Ball, location: 2F
2-2: Foul Ball, location: 2F
2-2: Fly out, F9 (Flyball, 9LSF)
Batting: RHB Steve Koch 0-0: Ball
1-0: Foul Ball, location: 2F
1-1: Ball
2-1: Ball
3-1: Foul Ball, location: 2F
3-2: SINGLE (Flyball, 8RM)
Tural Bishara to second
Tural Bishara to third
Pitching: RHP Jim Unknown
Batting: RHB Peter Heard 0-0: Ball
1-0: TRIPLE (Line Drive, 8LXD)
Tural Bishara scores
Steve Koch scores
Batting: RHB José Barroca 0-0: Called Strike
0-1: Ball
1-1: Ground out 6-3 (Groundball, 6)
Pinch Hitting: LHB Dale Miller 0-0: Called Strike
0-1: Swinging Strike
0-2: Ball
1-2: Fly out, F4 (Popup, 4D)
Bottom of the 8th over - 2 run(s), 3 hit(s), 0 error(s), 1 left on base; Irving 3 - Marquette 3
TOP OF THE 9TH
Irving Blue Sox batting - Pitching for Marquette Miners : RHP Cisco Ortega
Pitching: RHP Addick Lubbers
Now at 3B: Greg Gross
Batting: RHB Phil Sherman 0-0: Ball
1-0: Foul Ball, location: 2F
1-1: Called Strike
1-2: Ball
2-2: Strikes out swinging
Pinch Hitting: LHB Jim Unknown 0-0: Called Strike
0-1: Foul Ball, location: 2F
0-2: Hit by Pitch
Pinch Runner at 1st Enrique Gómez:
Pinch Hitting: SHB Curt Finley 0-0: Ball
1-0: Ball
2-0: Called Strike
2-1: Fly out, F8 (Flyball, 8RD)
Batting: LHB José Zarate 0-0: Called Strike
Enrique Gómez steals 2nd base
0-1: Fly out, F9 (Line Drive, 89D)
Top of the 9th over - 0 run(s), 0 hit(s), 0 error(s), 1 left on base; Irving 3 - Marquette 3
BOTTOM OF THE 9TH
Marquette Miners batting - Pitching for Irving Blue Sox : RHP Jim Unknown
Now at C: Nicholas Manley
Now at 2B: Enrique Gómez
Batting: RHB Héctor Rivera 0-0: Ball
1-0: Ground out 5-3 (Groundball, 56S)
Batting: LHB Shelby Noonan 0-0: Ball
1-0: Foul Ball, location: 2F
1-1: Foul Ball, location: 2F
1-2: Ball
2-2: Ground out 1-3 (Groundball, 15S)
Pinch Hitting: SHB Norm Singletary 0-0: Swinging Strike
0-1: DOUBLE (Flyball, 89D)
Batting: LHB Tural Bishara 0-0: Foul Ball, location: 2F
0-1: Called Strike
0-2: Ball
1-2: Foul Ball, location: 2F
1-2: Ball
2-2: Ball
3-2: Strikes out swinging
Bottom of the 9th over - 0 run(s), 1 hit(s), 0 error(s), 1 left on base; Irving 3 - Marquette 3
TOP OF THE 10TH
Irving Blue Sox batting - Pitching for Marquette Miners : RHP Addick Lubbers
Now at 2B: Norm Singletary
Batting: RHB António Canales 0-0: Foul Ball, location: 2F
0-1: Ball
1-1: Foul Ball, location: 2F
1-2: Foul Ball, location: 2F
1-2: Ground out 6-3 (Groundball, 6)
Batting: LHB Phil MacNamara 0-0: Ball
1-0: Ball
2-0: Called Strike
2-1: Fly out, F7 (Flyball, 7D)
Batting: LHB Ricardo Ríos 0-0: Ball
1-0: Called Strike
1-1: Ball
2-1: Fly out, F8 (Flyball, 8RS)
Top of the 10th over - 0 run(s), 0 hit(s), 0 error(s), 0 left on base; Irving 3 - Marquette 3
BOTTOM OF THE 10TH
Marquette Miners batting - Pitching for Irving Blue Sox : RHP Jim Unknown
Batting: RHB Mark Keys 0-0: Called Strike
0-1: Ball
1-1: Ball
2-1: Called Strike
2-2: Foul Ball, location: 2F
2-2: Strikes out swinging
Pitching: RHP Jon Schultz
Batting: RHB Steve Koch 0-0: Ball
1-0: Foul Ball, location: 2F
1-1: Called Strike
1-2: Strikes out swinging
Batting: RHB Peter Heard 0-0: Called Strike
0-1: Ground out 1-3 (Groundball, P)
Bottom of the 10th over - 0 run(s), 0 hit(s), 0 error(s), 0 left on base; Irving 3 - Marquette 3
TOP OF THE 11TH
Irving Blue Sox batting - Pitching for Marquette Miners : RHP Addick Lubbers
Pitching: RHP Jim Unknown
Batting: RHB Wessel Wemerman 0-0: Ball
1-0: Ball
2-0: Ball
3-0: Base on Balls
Batting: RHB Theron Hammond 0-0: Sac Bunt - play at first, batter OUT! 5-4
Wessel Wemerman to second
Batting: RHB Phil Sherman 0-0: Intentional Walk
Pinch Hitting: RHB Alfredo Chávez 0-0: Ball
1-0: Called Strike
1-1: Called Strike
1-2: Ball
2-2: Fly out, F9 (Flyball, 9S)
Batting: RHB Nicholas Manley 0-0: Called Strike
0-1: Fly out, F8 (Flyball, 78XD)
Top of the 11th over - 0 run(s), 0 hit(s), 0 error(s), 2 left on base; Irving 3 - Marquette 3
BOTTOM OF THE 11TH
Marquette Miners batting - Pitching for Irving Blue Sox : RHP Jon Schultz
Now in LF: Alfredo Chávez
Batting: RHB José Barroca 0-0: Ball
1-0: Fly out, F7 (Flyball, 7S)
Batting: LHB Greg Gross 0-0: DOUBLE (Line Drive, 9LM)
Batting: RHB Héctor Rivera 0-0: Intentional Walk
Batting: LHB Shelby Noonan 0-0: Called Strike
0-1: Ball
1-1: Called Strike
1-2: Strikes out swinging
Batting: SHB Norm Singletary 0-0: Foul Ball, location: 2F
0-1: Swinging Strike
0-2: Ball
1-2: Fly out, F7 (Flyball, 78S)
Bottom of the 11th over - 0 run(s), 1 hit(s), 0 error(s), 2 left on base; Irving 3 - Marquette 3
TOP OF THE 12TH
Irving Blue Sox batting - Pitching for Marquette Miners : RHP Jim Unknown
Batting: LHB José Zarate 0-0: Ball
1-0: Called Strike
1-1: Fly out, F9 (Flyball, 89S)
Batting: RHB António Canales 0-0: Called Strike
0-1: Ground out 5-3 (Groundball, 56S)
Batting: LHB Phil MacNamara 0-0: Ball
1-0: Ball
2-0: Called Strike
2-1: SINGLE (Groundball, 6MS) (infield hit)
Pinch Runner at 1st Jim Unknown:
Batting: LHB Ricardo Ríos 0-0: Ball
Jim Unknown steals 2nd base
1-0: Ball
2-0: Ball
3-0: Swinging Strike
3-1: Called Strike
3-2: Ground out U3 (Groundball, 34)
Top of the 12th over - 0 run(s), 1 hit(s), 0 error(s), 1 left on base; Irving 3 - Marquette 3
BOTTOM OF THE 12TH
Marquette Miners batting - Pitching for Irving Blue Sox : RHP Jon Schultz
Now in CF: Jim Unknown
Batting: LHB Tural Bishara 0-0: Called Strike
0-1: Ball
1-1: Ball
2-1: Ball
3-1: Base on Balls
Batting: RHB Mark Keys 0-0: Ball
1-0: Sac Bunt - play at first, batter OUT! 1-3
Tural Bishara to second
Pitching: RHP Ernesto Cortéz
Batting: RHB Steve Koch 0-0: Called Strike
0-1: Ball
1-1: Ball
2-1: 2-RUN HOME RUN (Flyball, 78XD), Distance : 459 ft
Saturday, May 26th, 2018 - OOTP Baseball 17.12 Build 75